 Dungeon Crawl Stone Soup version 0.31.0-11-ge490571c62 (webtiles) character file.

Game seed: 7623496874107668182

1739 jagang the Trooper (level 9, -3/71 HPs)
             Began as a Human Monk on Jan 26, 2024.
             Was a Believer of the Shining One.
             Slain by a hound (4 damage)
             ... on level 6 of the Dungeon.
             The game lasted 00:12:26 (5896 turns).

jagang the Trooper (Human Monk)                     Turns: 5896, Time: 00:12:26

Health: -3/71      AC: 17    Str: 11    XL:     9   Next: 5%
Magic:  9/9        EV:  1    Int: 12    God:    the Shining One [**....]
Gold:   76         SH: 10    Dex: 19    Spells: 8/8 levels left

rFire   . . .        u - +2 short sword (elec)
rCold   . . .        s - +0 kite shield
rNeg    + . .        o - +0 plate armour
rPois   .            (no helmet)
rElec   .            (no cloak)
rCorr   .            y - +0 pair of gloves
SInv    .            (no boots)
Will    .....        D - amulet of the acrobat Stlth
                     e - +4 ring of protection
HPRegen 0.31/turn    (no ring)
MPRegen 0.11/turn

%: acrobat
@: glowing
A: explore regen
a: Renounce Religion, Divine Shield


You were on level 6 of the Dungeon.
You worshipped the Shining One.
The Shining One was pleased with you.
You visited 2 branches of the dungeon, and saw 7 of its levels.

You collected 323 gold pieces.
You spent 247 gold pieces at shops.

Inventory:

Hand Weapons
 a - a +0 falchion
 u - a +2 short sword of electrocution (weapon)
Missiles
 d - 4 boomerangs
 z - 2 poisoned darts (quivered)
 G - 4 javelins
Armour
 o - a +0 plate armour (worn)
 s - a +0 kite shield (worn)
 y - a +0 pair of gloves (worn)
Jewellery
 e - a +4 ring of protection (left hand)
 x - a ring of fire
 D - an amulet of the acrobat (around neck)
 H - a ring of fire
Wands
 A - a wand of paralysis (9)
 B - a wand of light (14)
Scrolls
 i - a scroll of identify
 j - 2 scrolls of teleportation
 k - 2 scrolls of enchant weapon
 l - a scroll of revelation
 m - 2 scrolls of vulnerability {unknown}
 n - a scroll of enchant armour {unknown}
 p - a scroll of poison {unknown}
 r - a scroll of brand weapon {unknown}
 w - 2 scrolls of noise {unknown}
 C - a scroll of summoning {unknown}
 E - a scroll of fog {unknown}
Potions
 b - 2 potions of heal wounds {unknown}
 c - 2 potions of ambrosia
 f - 2 potions of brilliance {unknown}
 g - 3 potions of degeneration {unknown}
 h - 3 potions of enlightenment {unknown}
 q - 4 potions of lignification {unknown}
 t - a potion of cancellation {unknown}
 v - 2 potions of berserk rage {unknown}
 F - a potion of attraction {unknown}


   Skills:
 * Level 6.9 Fighting
 * Level 6.8 Long Blades
 * Level 5.9 Armour
 - Level 3.0 Dodging
 + Level 3.3 Shields
 + Level 0.3 Invocations


You had 8 spell levels left.
You didn't know any spells.
Your spell library contained the following spells:

 Spells                   Type           Power      Damage    Failure   Level
 Slow                     Hex            0%         N/A       100%        1
 Confusing Touch          Hex            0%         N/A       100%        3
 Dazzling Flash           Conj/Hex       0%         N/A       100%        3
 Sigil of Binding         Hex            0%         N/A       100%        3
 Vampiric Draining        Necr           0%         2d6       100%        3
 Volatile Blastmotes      Fire/Tloc      0%         2d10      100%        3
 Starburst                Conj/Fire      0%         6d3       100%        6
 Maxwell's Capacitive Co  Air            0%         ∞         100%        8


Dungeon Overview and Level Annotations

Branches:
Dungeon (6/15)             Temple (1/1) D:4

Altars:
Ashenzari
Cheibriados
Elyvilon
Fedhas
Gozag
Hepliaklqana
Kikubaaqudgha
Nemelex Xobeh
Qazlal
Ru
Uskayaw
Vehumet
Yredelemnul
The Shining One

Shops:
D:1 [   D:6 (

Annotations:
D:5 3 runed translucent doors, tymior's ghost, amateur DrNe


Innate Abilities, Weirdness & Mutations

You regain HP and MP as you explore.


Message History

The orc wizard hits you with a +0 dagger.
The gargoyle completely misses you.
You hit the orc wizard but do no damage.
Lightning courses through the orc wizard!
You kill the orc wizard!
You block the hound's attack. The orc hits you but does no damage.
You block the gargoyle's attack.
You hit the gargoyle.
The gargoyle is lightly damaged.
You block the hound's attack. You block the orc's attack. x2
The hound bites you. The gargoyle hits you with a +0 flail!
You completely miss the gargoyle.
The gargoyle is lightly damaged.
You block the hound's attack. The orc hits you but does no damage. x3
The gargoyle hits you with a +0 flail!
* * * LOW HITPOINT WARNING * * *
You hit the gargoyle but do no damage.
The gargoyle is lightly damaged.
You block the hound's attack. The orc hits you but does no damage. x2
You block the orc's attack. The hound bites you but does no damage.
You block the gargoyle's attack.
You hit the gargoyle but do no damage.
The gargoyle is lightly damaged.
The hound bites you but does no damage. You block the orc's attack. x3
The gargoyle hits you with a +0 flail!
* * * LOW HITPOINT WARNING * * *
You hit the gargoyle but do no damage.
The gargoyle is lightly damaged.
You block the hound's attack. You block the orc's attack.
You block the hound's attack. The orc hits you but does no damage.
The gargoyle hits you with a +0 flail!
* * * LOW HITPOINT WARNING * * *
The orc hits you but does no damage.
Okay, then.
Okay, then.
As you read the scroll labelled QESOHAO TETWE, it crumbles to dust.
It is a scroll of identify.
l - a scroll of revelation The hound bites you.
You die...

.§.≈≈§≈§≈.≈.##
#.≈.≈.≈§§≈.§.≈..#
#.§§§.≈§§§§≈.≈..#
###.§.≈.§§...§§≈.#
..>%§§≈.≈≈≈≈≈§§§.#
#.§§.§.§...§§§≈.#######
#..≈.§≈≈≈≈≈§≈§9.o.....#
##.............h@o......
...........#...#o#####.#
###...####...###.#
####.## ##.## #..
.##...# #.# #.##
....#.### #.# #.#
............. #.#
..##########. #.# ..#


You could see a gargoyle, a hound and 3 orcs.

Vanquished Creatures
  Pikel (D:4)
  Sigmund (D:3)
  2 ice beasts (D:5)
  The ghost of SlowGraham the Conjurer, an amateur HOCj (D:3)
  A centaur (D:5)
  2 lemures (D:4)
  Blork the orc (D:4)
  A scorpion (D:5)
  A howler monkey (D:5)
  2 hounds
  5 jellies
  4 orc priests
  Ijyb (D:4)
  An orc wizard (D:6)
  A scorpion simulacrum (D:3)
  8 gnolls
  6 adders
  2 hound simulacra (D:3)
  4 ribbon worms
  3 dart slugs
  12 orcs
  5 ball pythons
  4 bats
  7 endoplasms
  2 giant cockroaches
  2 goblins
  3 hobgoblins
  4 jackals (D:1)
  2 quokkas
  5 frilled lizards
  A giant cockroach simulacrum (D:3)
  4 kobolds
  4 rats
103 creatures vanquished.

Notes
Turn   | Place    | Note
-------+----------+-------------------------------------------
     0 | D:1      | jagang the Human Monk began the quest for the Orb.
     0 | D:1      | Reached XP level 1. HP: 18/18 MP: 1/1
    83 | D:1      | Reached XP level 2. HP: 16/24 MP: 2/2
   150 | D:1      | You fall into a shaft and drop 1 floor!
   217 | D:3      | Noticed Sigmund
   223 | D:3      | Killed Sigmund
   224 | D:3      | Reached XP level 3. HP: 5/30 MP: 3/3
   224 | D:3      | Reached XP level 4. HP: 7/37 MP: 4/4
   224 | D:3      | Reached XP level 5. HP: 8/42 MP: 5/5
   467 | D:3      | Found a runed translucent gate.
   467 | D:3      | Found a runed translucent gate.
   467 | D:3      | Found a runed translucent gate.
   694 | D:2      | Found a basalt altar of Yredelemnul.
   828 | D:2      | Reached XP level 6. HP: 33/49 MP: 6/6
  1382 | D:1      | Found Cyrel's Antique Armour Shoppe.
  2205 | D:3      | Noticed SlowGraham's ghost (amateur HOCj)
  2403 | D:3      | Found a broken altar of Ashenzari.
  3026 | D:4      | Reached skill level 5 in Fighting
  3026 | D:4      | Reached skill level 5 in Long Blades
  3026 | D:4      | Reached skill level 1 in Shields
  3026 | D:4      | Reached XP level 7. HP: 31/56 MP: 7/7
  3225 | D:4      | Noticed Ijyb
  3231 | D:4      | Killed Ijyb
  3358 | D:4      | Found a staircase to the Ecumenical Temple.
  3371 | Temple   | Entered the Ecumenical Temple
  3385 | Temple   | Became a worshipper of the Shining One
  3385 | Temple   | Reached * piety under the Shining One
  3385 | Temple   | Reached ** piety under the Shining One
  3422 | D:4      | Noticed Blork the orc
  3435 | D:4      | Killed Blork the orc
  3614 | D:4      | Noticed Pikel
  3628 | D:4      | Killed Pikel
  3629 | D:4      | Reached XP level 8. HP: 20/64 MP: 8/8
  3947 | D:5      | Entered Level 5 of the Dungeon
  4011 | D:5      | Reached skill level 5 in Armour
  4503 | D:5      | Identified the +1 chain mail "Goecw" {rElec Int+2 Slay+3}
  4504 | D:5      | Found a runed translucent gate.
  4505 | D:5      | Found a runed translucent gate.
  4506 | D:5      | Found a runed translucent gate.
  4507 | D:5      | Noticed tymior's ghost (amateur DrNe)
  5320 | D:1      | Bought a pair of ancient gloves for 247 gold pieces
  5320 | D:1      | Identified the +0 pair of gloves "Ameu" {rPois Regen+ Str+3
                  | Dex-4} (You bought it in a shop on level 1 of the Dungeon)
  5539 | D:3      | Killed SlowGraham's ghost
  5540 | D:3      | Reached XP level 9. HP: 57/71 MP: 9/9
  5864 | D:6      | Found Egexeovu's Weapon Shop.
  5884 | D:6      | Noticed a gargoyle
  5895 | D:6      | HP: 1/71 [gargoyle/+0 flail (12)]
  5896 | D:6      | Slain by a hound

Illustrated notes

Levels and vault maps discovered:
D:1:      lightli_arrival_quake, layout_rooms, serial_shops, shop
D:2:      wad_woods_pond, layout_basic, basic_altar, chequers_avenue,
          dreamdust_princess_bridge
D:3:      layout_basic, general_overflow_altar, gammafunk_ghost_icy,
          minmay_misc_feat_nine_boxes, grunt_ministairs_14, st_stairs_10,
          uniq_sigmund
D:4:      layout_basic, minmay_temple_entry_arrows, minmay_joined_circles,
          uniq_ijyb, uniq_blork_the_orc, uniq_pikel
D:5:      layout_loops_ring, serial_aquarium, aquarium_bridge_straight
          [aquarium_subvault_bridge, aquarium_subvault_window,
          aquarium_subvault_bridge, aquarium_subvault_window],
          aquarium_bridge_square [aquarium_subvault_bridge,
          aquarium_subvault_bridge, aquarium_subvault_window,
          aquarium_subvault_wall], aquarium_window_1, aquarium_window_fake,
          aquarium_view_2a, aquarium_balcony_3b, biasface_ghost_orc_armoury,
          hangedman_abyss_or_decor_lesser_grid, dk_vineyard_3, dk_noncrumbling_4
D:6:      layout_loops_ring, lemuel_coloured_pillars_altar,
          portal_sewer_entry_b, serial_shops, nicolae_inconvenience_store,
          kb_rosetta
Temple:   nicolae_temple_figure_eight

Skill      XL: |  1  2  3  4  5  6  7  8 |
---------------+-------------------------+-----
Fighting       | 4 5 6 |  6.9
Long Blades    | 4 5 6 |  6.8
Armour         | 2 3 4 5 |  5.9
Shields        | 1 2 3 |  3.3
Dodging        | |  3.0
Invocations    | |  0.3

Action                     |  1- 3 |  4- 6 |  7- 9 || total
---------------------------+-------+-------+-------++-------
  Melee: Falchion          |    24 |   121 |       ||   145
         Short sword       |       |    61 |   202 ||   263
  Throw: Dart              |       |       |     2 ||     2
    Use: Scroll            |       |       |     3 ||     3
 Armour: Robe              |    10 |       |       ||    10
         Chain mail        |     4 |    52 |       ||    56
         Plate armour      |       |   128 |   169 ||   297
  Dodge: Dodged            |    26 |    38 |    23 ||    87
  Block: Kite shield       |       |       |    89 ||    89
